PBL
SAN DIEGO PADRES @ NEW YORK YANKEES
04/28/2071
 
TOP OF THE 1ST
San Diego Padres batting - Pitching for New York Yankees : RHP Artie McClure
Pitching: RHP Artie McClure
Batting: RHB António González 0-0: Ball
1-0: Swinging Strike
1-1: Ball
2-1: Foul Ball, location: 5F
2-2: Strikes out looking
Batting: RHB Jonathan Roehl 0-0: Called Strike
0-1: Swinging Strike
0-2: Strikes out swinging
Batting: LHB Raúl Valenzuela 0-0: Called Strike
0-1: Ball
1-1: Ball
2-1: Fly out, F8 (Flyball, 8RD, EV 104.4 MPH)
Top of the 1st over - 0 runs, 0 hits, 0 errors, 0 left on base; San Diego 0 - New York 0
BOTTOM OF THE 1ST
New York Yankees batting - Pitching for San Diego Padres : RHP Don Stobart
Pitching: RHP Don Stobart
Batting: RHB José Guillén 0-0: Ball
1-0: Fly out, F8 (Flyball, 8LD, EV 88.1 MPH)
Batting: LHB Guillermo Rodríguez 0-0: Fly out, F7 (Flyball, 7LS, EV 75.6 MPH)
Batting: LHB Anthony Thomas 0-0: Swinging Strike
0-1: Foul Ball, location: 2F
0-2: Foul Ball, location: 2F
0-2: Ball
1-2: Strikes out swinging
Bottom of the 1st over - 0 runs, 0 hits, 0 errors, 0 left on base; San Diego 0 - New York 0
TOP OF THE 2ND
San Diego Padres batting - Pitching for New York Yankees : RHP Artie McClure
Batting: LHB Wook-jin Ki 0-0: Ball
1-0: Ball
2-0: Called Strike
2-1: Fly out, F8 (Flyball, 78M, EV 93.1 MPH)
Batting: SHB Cristián Burgos 0-0: Foul Ball, location: 3FF
0-1: Ball
1-1: SINGLE (Line Drive, 89M, EV 109.4 MPH)
Batting: RHB Marvin Stewart 0-0: Called Strike
0-1: Swinging Strike
0-2: Ball
1-2: Ball
2-2: Strikes out swinging
Batting: RHB Pablo Amador 0-0: Ball
1-0: Ball
2-0: Ball
3-0: Called Strike
3-1: Fielders Choice at 2nd, 6-4 (Groundball, 6, EV 77.5 MPH)
Top of the 2nd over - 0 runs, 1 hit, 0 errors, 1 left on base; San Diego 0 - New York 0
BOTTOM OF THE 2ND
New York Yankees batting - Pitching for San Diego Padres : RHP Don Stobart
Batting: RHB Matt Marples 0-0: Ball
1-0: SINGLE (Line Drive, 8RS, EV 88.8 MPH)
Batting: LHB Dave Welch 0-0: Foul Ball, location: 9LSF
0-1: Ball
1-1: Fly out, F8 (Flyball, 8RXD, EV 110.0 MPH)
Batting: LHB Keith Edgar 0-0: Foul Ball, location: 2F
0-1: Ball
1-1: SINGLE (Groundball, 34D, EV 110.0 MPH) (infield hit)
Matt Marples to second
Batting: RHB José Costello 0-0: Ball
1-0: Foul Ball, location: 9LSF
1-1: SINGLE (Groundball, 4MD, EV 97.5 MPH)
Matt Marples to third
Keith Edgar to second
Runner from 3rd tries for Home, SAFE, throw by CF to home
Batting: RHB Chris Anderson 0-0: Called Strike
0-1: Fly out, F8 (Flyball, 8RD, EV 108.1 MPH)
Runner from 2nd tags up, SAFE at 3rd with throw by CF
Batting: SHB Tony Aponte 0-0: SINGLE (Groundball, 4MD, EV 102.5 MPH)
Keith Edgar scores
José Costello to second
Batting: RHB José Guillén 0-0: Ball
1-0: Called Strike
1-1: Foul Ball, location: 7LSF
1-2: Foul Ball, location: 2F
1-2: Foul Ball, location: 2F
1-2: Fielders Choice at 2nd, 5-4 (Groundball, 56, EV 101.9 MPH)
Bottom of the 2nd over - 2 runs, 4 hits, 0 errors, 2 left on base; San Diego 0 - New York 2
TOP OF THE 3RD
San Diego Padres batting - Pitching for New York Yankees : RHP Artie McClure
Batting: RHB Luis Villa 0-0: SINGLE (Groundball, 6MD, EV 97.5 MPH)
Batting: RHB Salvador Reyes 0-0: Called Strike
Luis Villa steals 2nd base
0-1: Ball
1-1: Ball
2-1: Ball
3-1: Base on Balls
Batting: RHB António González 0-0: Ball
1-0: Foul Ball, location: 2F
1-1: Swinging Strike
1-2: Strikes out swinging
Batting: RHB Jonathan Roehl 0-0: Fielders Choice at 2nd, 6-4 (Groundball, 6, EV 85.0 MPH)
Luis Villa to third
Batting: LHB Raúl Valenzuela 0-0: Ball
1-0: Ball
2-0: Called Strike
2-1: Ball
3-1: Foul Ball, location: 9LMF
3-2: Foul Ball, location: 3F
3-2: Foul Ball, location: 2F
3-2: Base on Balls
Jonathan Roehl to second
Batting: LHB Wook-jin Ki 0-0: Foul Ball, location: 5FF
0-1: Ball
1-1: Foul Ball, location: 7LMF
1-2: Ball
2-2: Ground out 2-3 (Groundball, 13S, EV 65.6 MPH)
Top of the 3rd over - 0 runs, 1 hit, 0 errors, 3 left on base; San Diego 0 - New York 2
BOTTOM OF THE 3RD
New York Yankees batting - Pitching for San Diego Padres : RHP Don Stobart
Batting: LHB Guillermo Rodríguez 0-0: Ball
1-0: SINGLE (Groundball, 4S, EV 70.0 MPH) (infield hit)
Batting: LHB Anthony Thomas 0-0: Ball
1-0: Called Strike
1-1: Ball
2-1: Fielders Choice at 2nd, 3-6 (Groundball, 3, EV 92.5 MPH)
Batting: RHB Matt Marples 0-0: Ball
1-0: Called Strike
1-1: Ball
2-1: Ball
Anthony Thomas steals 2nd base (no throw)
3-1: Base on Balls
Batting: LHB Dave Welch 0-0: Ball
1-0: Fly out, F8 (Flyball, 8RXD, EV 93.1 MPH)
Runner from 2nd tags up, SAFE at 3rd, no throw by CF
Batting: LHB Keith Edgar 0-0: Called Strike
0-1: Ball
1-1: Fly out, F7 (Flyball, 7, EV 93.1 MPH)
Bottom of the 3rd over - 0 runs, 1 hit, 0 errors, 2 left on base; San Diego 0 - New York 2
TOP OF THE 4TH
San Diego Padres batting - Pitching for New York Yankees : RHP Artie McClure
Batting: SHB Cristián Burgos 0-0: Ball
1-0: Swinging Strike
1-1: Ball
2-1: Foul Ball, location: 2F
2-2: Fly out, F7 (Line Drive, 78M, EV 93.1 MPH)
Batting: RHB Marvin Stewart 0-0: Fly out, F9 (Flyball, 89S, EV 94.4 MPH)
Batting: RHB Pablo Amador 0-0: Called Strike
0-1: Ball
1-1: Swinging Strike
1-2: Strikes out swinging
Top of the 4th over - 0 runs, 0 hits, 0 errors, 0 left on base; San Diego 0 - New York 2
BOTTOM OF THE 4TH
New York Yankees batting - Pitching for San Diego Padres : RHP Don Stobart
Batting: RHB José Costello 0-0: Ball
1-0: Called Strike
1-1: Ball
2-1: Ball
3-1: Called Strike
3-2: Foul Ball, location: 2LF
3-2: Foul Ball, location: 9LMF
3-2: Strikes out looking
Batting: RHB Chris Anderson 0-0: Called Strike
0-1: Foul Ball, location: 2F
0-2: Ball
1-2: Ball
2-2: Ground out U3 (Groundball, 34, EV 84.4 MPH)
Batting: SHB Tony Aponte 0-0: Ball
1-0: SINGLE (Groundball, 6M, EV 111.3 MPH)
Batting: RHB José Guillén 0-0: Ball
1-0: Fielders Choice at 2nd, 6-4 (Groundball, 6, EV 93.1 MPH)
Bottom of the 4th over - 0 runs, 1 hit, 0 errors, 1 left on base; San Diego 0 - New York 2
TOP OF THE 5TH
San Diego Padres batting - Pitching for New York Yankees : RHP Artie McClure
Batting: RHB Luis Villa 0-0: Ball
1-0: Foul Ball, location: 3FF
1-1: Swinging Strike
1-2: Foul Ball, location: 5F
1-2: Strikes out swinging
Batting: RHB Salvador Reyes 0-0: Called Strike
0-1: Ball
1-1: Swinging Strike
1-2: Ball
2-2: DOUBLE (Line Drive, 7LM, EV 93.8 MPH)
Batting: RHB António González 0-0: SINGLE (Line Drive, 5D, EV 96.3 MPH)
Salvador Reyes to third
Runner from 3rd tries for Home, SAFE, throw by LF to home
Batting: RHB Jonathan Roehl 0-0: Foul Ball, location: 3F
0-1: Ball
1-1: Swinging Strike
1-2: Foul Ball, location: 9LMF
1-2: Ball
António González steals 2nd base (no throw)
2-2: Ball
3-2: Base on Balls
Batting: LHB Raúl Valenzuela 0-0: Called Strike
0-1: Foul Ball, location: 5SF
0-2: Strikes out swinging
Batting: LHB Wook-jin Ki 0-0: Ball
1-0: SINGLE (Groundball, 4M, EV 106.9 MPH) (infield hit)
António González to third
Jonathan Roehl to second
Batting: SHB Cristián Burgos 0-0: Ball
1-0: Foul Ball, location: 7LSF
1-1: Swinging Strike
1-2: Strikes out swinging
Top of the 5th over - 1 run, 3 hits, 0 errors, 3 left on base; San Diego 1 - New York 2
BOTTOM OF THE 5TH
New York Yankees batting - Pitching for San Diego Padres : RHP Don Stobart
Batting: LHB Guillermo Rodríguez 0-0: SINGLE (Line Drive, 7S, EV 104.4 MPH)
Batting: LHB Anthony Thomas 0-0: Fly out, F7 (Line Drive, 78M, EV 96.3 MPH)
Batting: RHB Matt Marples 0-0: Ball
1-0: Fly out, F7 (Flyball, 7LMF, EV 93.1 MPH)
Batting: LHB Dave Welch 0-0: Ball
1-0: Swinging Strike
1-1: Called Strike
1-2: Strikes out swinging
Bottom of the 5th over - 0 runs, 1 hit, 0 errors, 1 left on base; San Diego 1 - New York 2
TOP OF THE 6TH
San Diego Padres batting - Pitching for New York Yankees : RHP Artie McClure
Batting: RHB Marvin Stewart 0-0: Ball
1-0: Ball
2-0: Foul Ball, location: 5FF
2-1: Ball
3-1: Fly out, F8 (Flyball, 8RM, EV 95.6 MPH)
Batting: RHB Pablo Amador 0-0: Ball
1-0: Hit by Pitch
Pitching: LHP Mike DeBenham
Batting: RHB Luis Villa 0-0: Foul Ball, location: 9LDF
0-1: Ball
1-1: Swinging Strike
1-2: Strikes out swinging
Batting: RHB Salvador Reyes 0-0: Ball
1-0: DOUBLE (Line Drive, 7LM, EV 110.0 MPH)
Pablo Amador to third
Batting: RHB António González 0-0: Called Strike
0-1: Fly out, F8 (Flyball, 8RXD, EV 88.8 MPH)
Top of the 6th over - 0 runs, 1 hit, 0 errors, 2 left on base; San Diego 1 - New York 2
BOTTOM OF THE 6TH
New York Yankees batting - Pitching for San Diego Padres : RHP Don Stobart
Batting: LHB Keith Edgar 0-0: SINGLE (Line Drive, 78S, EV 98.1 MPH)
Batting: RHB José Costello 0-0: Ball
1-0: Fly out, F8 (Flyball, 8LM, EV 90.0 MPH)
Batting: RHB Chris Anderson 0-0: Fly out, F8 (Flyball, 8LS, EV 87.5 MPH)
Batting: SHB Tony Aponte 0-0: Ball
1-0: Swinging Strike
1-1: Called Strike
Keith Edgar steals 2nd base
1-2: Strikes out swinging
Bottom of the 6th over - 0 runs, 1 hit, 0 errors, 1 left on base; San Diego 1 - New York 2
TOP OF THE 7TH
San Diego Padres batting - Pitching for New York Yankees : LHP Mike DeBenham
Batting: RHB Jonathan Roehl 0-0: Ball
1-0: Ball
2-0: Ground out 5-3 (Groundball, 5, EV 98.8 MPH)
Pinch Hitting: RHB Jorge Gonzáles 0-0: Foul Ball, location: 7LMF
0-1: Ball
1-1: Ground out 5-3 (Groundball, 5, EV 84.4 MPH)
Batting: LHB Wook-jin Ki 0-0: Called Strike
0-1: SINGLE (Groundball, 34D, EV 97.5 MPH)
Batting: SHB Cristián Burgos 0-0: Swinging Strike
0-1: Ball
1-1: SINGLE (Groundball, 34D, EV 95.6 MPH)
Wook-jin Ki to second
Runner from 2nd tries for 3rd, SAFE, throw by RF made to third
Batting: RHB Marvin Stewart 0-0: Called Strike
0-1: Ball
1-1: Ball
2-1: Ball
3-1: Called Strike
3-2: Strikes out swinging
Top of the 7th over - 0 runs, 2 hits, 0 errors, 2 left on base; San Diego 1 - New York 2
BOTTOM OF THE 7TH
New York Yankees batting - Pitching for San Diego Padres : RHP Don Stobart
Now at 1B: Jorge Gonzáles
Now in LF: Luis Villa
Now in RF: Wook-jin Ki
Batting: RHB José Guillén 0-0: Called Strike
0-1: Ball
1-1: Ball
2-1: Ball
3-1: Base on Balls
Batting: LHB Guillermo Rodríguez 0-0: Ball
José Guillén steals 2nd base
1-0: Intentional Walk
Batting: LHB Anthony Thomas 0-0: Ball
José Guillén steals 3rd base
1-0: Ball
2-0: Ball
3-0: Called Strike
3-1: Foul Ball, location: 5SF
3-2: Fly out, F7 (Flyball, 78M, EV 85.0 MPH)
Runner from 3rd tags up, SCORES, no throw by LF
Batting: RHB Matt Marples 0-0: Fly out, F9 (Flyball, 9LSF, EV 80.6 MPH)
Batting: LHB Dave Welch 0-0: Called Strike
0-1: Ball
1-1: Foul Ball, location: 23F
1-2: Ground out 5-3 (Groundball, 56S, EV 86.3 MPH)
Bottom of the 7th over - 1 run, 0 hits, 0 errors, 1 left on base; San Diego 1 - New York 3
TOP OF THE 8TH
San Diego Padres batting - Pitching for New York Yankees : LHP Mike DeBenham
Pitching: RHP Tyler Long
Batting: RHB Pablo Amador 0-0: Ground out 5-3 (Groundball, 56, EV 95.0 MPH)
Pinch Hitting: LHB Iwao Sato 0-0: Called Strike
0-1: Ball
1-1: Ball
2-1: Foul Ball, location: 2F
2-2: Ball
3-2: Strikes out looking
Batting: RHB Salvador Reyes 0-0: Called Strike
0-1: Ball
1-1: Ball
2-1: Fly out, F7 (Flyball, 7, EV 85.0 MPH)
Top of the 8th over - 0 runs, 0 hits, 0 errors, 0 left on base; San Diego 1 - New York 3
BOTTOM OF THE 8TH
New York Yankees batting - Pitching for San Diego Padres : RHP Don Stobart
Now in LF: Iwao Sato
Batting: LHB Keith Edgar 0-0: Called Strike
0-1: Ball
1-1: Ground out U3 (Groundball, 3, EV 97.5 MPH)
Batting: RHB José Costello 0-0: Ball
1-0: Swinging Strike
1-1: Foul Ball, location: 3F
1-2: Strikes out swinging
Batting: RHB Chris Anderson 0-0: Ball
1-0: Foul Ball, location: 5FF
1-1: Fly out, F8 (Flyball, 8LD, EV 85.0 MPH)
Bottom of the 8th over - 0 runs, 0 hits, 0 errors, 0 left on base; San Diego 1 - New York 3
TOP OF THE 9TH
San Diego Padres batting - Pitching for New York Yankees : RHP Tyler Long
Pitching: LHP Guillermo Rodríguez
Batting: RHB António González 0-0: Foul Ball, location: 3F
0-1: Fly out, F8 (Flyball, 8RS, EV 86.3 MPH)
Batting: RHB Jonathan Roehl 0-0: Called Strike
0-1: Ball
1-1: Swinging Strike
1-2: SOLO HOME RUN (Flyball, 7LD, EV 92.5 MPH), Distance : 330 ft
Batting: RHB Jorge Gonzáles 0-0: SOLO HOME RUN (Flyball, 7LD, EV 91.9 MPH), Distance : 325 ft
Batting: LHB Wook-jin Ki 0-0: Ball
1-0: Foul Ball, location: 2F
1-1: Ball
2-1: Called Strike
2-2: Foul Ball, location: 2F
2-2: Foul Ball, location: 2F
2-2: Strikes out swinging
Batting: SHB Cristián Burgos 0-0: Foul Ball, location: 2F
0-1: Fly out, F4 (Line Drive, 4D, EV 74.4 MPH)
Top of the 9th over - 2 runs, 2 hits, 0 errors, 0 left on base; San Diego 3 - New York 3
BOTTOM OF THE 9TH
New York Yankees batting - Pitching for San Diego Padres : RHP Don Stobart
Pitching: RHP Tony Rivera
Batting: SHB Tony Aponte 0-0: Called Strike
0-1: SINGLE (Flyball, 8RS, EV 95.6 MPH)
Batting: RHB José Guillén 0-0: Ball
1-0: SINGLE (Groundball, 6MD, EV 93.8 MPH)
Tony Aponte to second
Pitching: LHP Alex Gray
Batting: LHB Guillermo Rodríguez 0-0: Called Strike
0-1: Grounds into double play, 5-4-3 (Groundball, 56, EV 90.0 MPH)
Tony Aponte to third
Pinch Hitting: RHB Bartolo Flores 0-0: Called Strike
0-1: Foul Ball, location: 9LDF
0-2: Ball
1-2: Fly out, F4 (Line Drive, 4, EV 70.0 MPH)
Bottom of the 9th over - 0 runs, 2 hits, 0 errors, 1 left on base; San Diego 3 - New York 3
TOP OF THE 10TH
San Diego Padres batting - Pitching for New York Yankees : LHP Guillermo Rodríguez
Now in LF: Bogdan Pavelko
Batting: RHB Marvin Stewart 0-0: Foul Ball, location: 9LMF
0-1: Ground out 4-3 (Groundball, 4, EV 87.5 MPH)
Batting: RHB Pablo Amador 0-0: Ball
1-0: Called Strike
1-1: Ball
2-1: Ground out 1-3 (Groundball, 13S, EV 63.8 MPH)
Batting: LHB Iwao Sato 0-0: Called Strike
0-1: SINGLE (Line Drive, 8RS, EV 96.9 MPH)
Batting: RHB Salvador Reyes 0-0: Called Strike
0-1: Swinging Strike
0-2: Ball
1-2: Ball
2-2: Ball
3-2: Foul Ball, location: 3F
3-2: Foul Ball, location: 5F
3-2: Foul Ball, location: 5F
3-2: Strikes out swinging
Top of the 10th over - 0 runs, 1 hit, 0 errors, 1 left on base; San Diego 3 - New York 3
BOTTOM OF THE 10TH
New York Yankees batting - Pitching for San Diego Padres : LHP Alex Gray
Pitching: RHP Will Clark
Batting: RHB Matt Marples 0-0: Called Strike
0-1: Ground out 4-3 (Groundball, 34, EV 83.1 MPH)
Batting: LHB Dave Welch 0-0: Swinging Strike
0-1: Foul Ball, location: 2F
0-2: Foul Ball, location: 5FF
0-2: Ball
1-2: Ball
2-2: SOLO HOME RUN (Flyball, 9LD, EV 90.0 MPH), Distance : 341 ft
Bottom of the 10th over - 1 run, 1 hit, 0 errors, 0 left on base; San Diego 3 - New York 4
Thursday, April 11th , 2024 - OOTP Baseball 24.10 Build 82